 Dungeon Crawl Stone Soup version 0.15-a0-348-gfef1ba5 (webtiles) character file.

54 4tharraofdagon the Gusty (level 2, -1/23 HPs)
             Began as a Centaur Air Elementalist on May 2, 2014.
             Slain by a hobgoblin
             ... wielding a +0,+0 club
              (2 damage)
             ... on Level 1 of the Dungeon.
             The game lasted 00:03:24 (1445 turns).

4tharraofdagon the Gusty (Centaur Air Elementalist) Turns: 1445, Time: 00:03:24

HP  -1/23        AC  6     Str 10      XL: 2   Next: 96%
MP   3/3         EV  5     Int 12      God:
Gold 26          SH  0     Dex  9      Spells:  1 memorised,  3 levels left

rFire  . . .     SeeInvis .     (no weapon)
rCold  . . .     Clarity  .     i - +0 scale mail
rNeg   . . .     Conserve .     (no shield)
rPois  .         rCorr    .     (helmet restricted)
rElec  .         rRot     .     (no cloak)
SustAb . .       Spirit   .     (no gloves)
rMut   .         Warding  .     (no barding)
Saprov . . .     Stasis   .     (no amulet)
MR     .....                    (no ring)
                                (no ring)

@: very quick, not resistant to hostile enchantments, extremely unstealthy
A: hooves 3, horns 1, deformed body, dopey 1, herbivore 1, speed 2, fast
metabolism 1, spit poison 1, tough skin 3
a: Spit Poison


You were on level 1 of the Dungeon.
You were not hungry.

You visited 1 branch of the dungeon, and saw 2 of its levels.

You collected 26 gold pieces.

Inventory:

Missiles
 e - 34 darts (quivered)
Armour
 a - a +0 robe
 i - a +0 scale mail (worn)
Comestibles
 c - 3 bread rations
Scrolls
 d - a scroll of remove curse {unknown}
 h - 2 scrolls of noise {unknown}
 k - a scroll of identify {unknown}
 n - a scroll of fear {unknown}
Jewellery
 j - an uncursed amulet of faith {unknown}
Potions
 l - a potion of might {unknown}
 m - a potion of curing {unknown}
Books
 b - a book of Air

   Spells                             Type                      Level
   *Shock                             Conjuration/Air              1
   Swiftness                          Charms/Air                   2
   Repel Missiles                     Charms/Air                   2
   Flight                             Charms/Air                   3
   Static Discharge                   Conjuration/Air              3
   Lightning Bolt                     Conjuration/Air              5


   Skills:
 * Level 1.6 Fighting
 - Level 1.3 Dodging
 - Level 1.2 Stealth
 + Level 1.8 Spellcasting
 - Level 0.8 Conjurations
 * Level 3.1 Air Magic


You had 3 spell levels left.
You knew the following spells:

 Your Spells              Type           Power        Failure   Level  Hunger
a - Shock                 Conj/Air       #...         99%         1    ##.....


Dungeon Overview and Level Annotations

Branches:
Dungeon (2/15)

Altars:


Innate Abilities, Weirdness & Mutations

You have hooves in place of feet.
Armour fits poorly on your strangely shaped body.
You digest meat inefficiently.
You cover ground very quickly.
You have a fast metabolism.
You have extremely tough skin (AC +3).
You have a pair of small horns on your head.
You are dopey. (Int -2)
You can spit poison.


Message History

The hobgoblin throws a dart.
Helpless, you fail to dodge the dart.
The jackal bites you but does no damage.
The hobgoblin throws a dart.
The dart hits you!
The jackal bites you but does no damage.
The hobgoblin throws a dart.
Helpless, you fail to dodge the dart.
The jackal bites you but does no damage.
The jackal bites you but does no damage.
The hobgoblin throws a dart.
The dart hits you!
The jackal bites you but does no damage. x2
You can move again.
Unknown command.
Unknown command.
Unknown command.
Unknown command.
Drink which item? (? for menu, Esc to quit)
You feel extremely strange.
You feel stupid. A pair of horns grows on your head!
There is a nasty taste in your mouth for a moment.
It was a potion of mutation.
The hobgoblin hits you with a club.
You die...

.# ##'## ##.#### .#
#.# #.# .# #.# #.# .#
##.## #.# .#
####...## #.# .#
#.......###### #.# .#
#.##.........# #.#
.###.##...#####g###.#
.......#..# #.@h..#
####.##.#.# #######
#......# ########


You could see a jackal and a hobgoblin.

Vanquished Creatures
  2 giant geckos (D:1)
  A ball python (D:2)
  3 bats (D:1)
  6 goblins (D:1)
  A hobgoblin (D:1)
  2 kobolds
  A giant cockroach (D:2)
  4 giant newts (D:1)
  4 jackals
  A rat (D:1)
25 creatures vanquished.

Notes
Turn   | Place    | Note
--------------------------------------------------------------
     0 | D:1      | 4tharraofdagon, the Centaur Air Elementalist, began the quest for the Orb.
     0 | D:1      | Reached XP level 1. HP: 14/14 MP: 2/2
   234 | D:1      | Reached XP level 2. HP: 17/22 MP: 1/3
   235 | D:1      | Reached skill level 3 in Air Magic
   379 | D:1      | Reached skill level 1 in Fighting
  1423 | D:1      | HP: 1/23 [jackal (3)]
  1439 | D:1      | HP: 1/23 [hobgoblin/ dart (1)]
  1440 | D:1      | Paralysed by a potion of paralysis for 5 turns
  1445 | D:1      | Gained mutation: You are dopey. (Int -2) [potion of mutation]
  1445 | D:1      | Gained mutation: You have a pair of small horns on your head. [potion of mutation]
  1445 | D:1      | Gained mutation: You can spit poison. [potion of mutation]
  1445 | D:1      | Slain by a hobgoblin

Action                   || total
-------------------------++-------
Melee: Unarmed           ||   179
Throw: Dart              ||     3
 Cast: Shock             ||     3
  Use: Potion            ||     2
